Unix NetHack Version 5.0.0-0 post-release - last build Jul 14 2026 02:55:29 (1809b74e8187c3a3585e283601c3028b46cbbdcb,branch:main).

Game began 2026-07-17 18:28:40, ended 2026-07-18 18:42:54.

Anarchos, lawful female dwarven Valkyrie

                          ------------------------
                          |.^^^^^^^^..........^..|
                          |.-------------------..|
                          |.|        -----    |.----
                          |.|        |...--  --.|..|
                          |.|        |.`..|--|.....|
                          |.|        |.``.|..|`....|
                          |.|        --`.....|....--
                          |.|------   |..`|...@`..|
                          |.|.....|-- |.`.|..|c...|
                          |.|.....+.| |..`|---....|
                          |.|.....|-| --..|.......|
                          |.+.....+.|  --.|..`.----
                          --|.....|-|   |.--.---
                            |.....+.|   |.....|
                            |.....|--   |..|.>|
                            -------     -------

Anarchos the Fighter        St:16 Dx:13 Co:20 In:11 Wi:8 Ch:10  Lawful S:7639
Dlvl:2  $:259 HP:0(102) Pw:31(31) AC:2  Xp:8/1735 T:5576  Stone Satiated

Latest messages:
 You try to move the boulder, but in vain.
 You try to move the boulder, but in vain.
 You try to move the boulder, but in vain.
 You try to move the boulder, but in vain.
 The boulder suddenly rolls away from you!
 You hear a boulder fall.
 With great effort you move the boulder.
 You try to move the boulder, but in vain.
 You try to move the boulder, but in vain.
 You try to move the boulder, but in vain.
 You try to move the boulder, but in vain.
 You try to move the boulder, but in vain.
 You try to move the boulder, but in vain.
 You try to move the boulder, but in vain.
 You try to move the boulder, but in vain.
 You try to move the boulder, but in vain.
 You try to move the boulder, but in vain.
 You try to move the boulder, but in vain.
 You try to move the boulder, but in vain.
 The boulder suddenly rolls away from you!
 You hear a boulder fall.
 With great effort you move the boulder.
 You hear a monster behind the boulder.
 Perhaps that's why you cannot move it.
 You hear a monster behind the boulder.
 Perhaps that's why you cannot move it.
 You hear a monster behind the boulder.
 Perhaps that's why you cannot move it.
 With great effort you move the boulder.
 You hit the cockatrice.
 The cockatrice bites!
 The cockatrice touches you!
 You hear the cockatrice's hissing!
 You are slowing down.
 What do you want to eat? [axCOU or ?*] ?
 Never mind.
 What do you want to use or apply? [h-km-oqrCEGKNPRWX or ?*] E
 Nothing happens.
 Are you sure you want to pray? [yn] (n) y
 You begin praying to Tyr.
 Your limbs are stiffening.
 Your limbs have turned to stone.
 The cockatrice bites!
 The cockatrice touches you!
 You have turned to stone.
 The cockatrice bites!
 The cockatrice touches you!
 You are a statue.
 Do you want your possessions identified? [ynq] (y) y
 Do you want to see your attributes? [ynq] (y) q

Inventory:
 Coins    ('$')
  $ - 259 gold pieces
 Weapons  (')')
  b - a +0 dagger (at the ready)
  Z - a +0 dwarvish short sword
  B - a +0 long sword (weapon in left hand)
  z - a +0 silver saber
  G - a blessed +3 spetum
 Armor    ('[')
  Y - an uncursed +0 dwarvish iron helm
  u - an uncursed +0 helm of brilliance (being worn)
  A - an uncursed rotted +0 pair of elven boots
  w - an uncursed +0 pair of speed boots (being worn)
  v - an uncursed +0 pair of water walking boots
  c - an uncursed rotted +3 small shield (being worn)
  F - an uncursed +0 dwarvish cloak (being worn)
  V - an uncursed +0 mummy wrapping
  g - an uncursed +0 studded leather armor (being worn)
 Comestibles  ('%')
  O - 2 uncursed slime molds
  x - 2 uncursed apples
  C - an uncursed cream pie
  a - 2 uncursed food rations
  U - 2 uncursed tripe rations
 Scrolls  ('?')
  t - 2 cursed scrolls of remove curse
 Potions  ('!')
  I - an uncursed potion of confusion
  l - an uncursed potion of gain ability
  y - an uncursed potion of water
 Rings    ('=')
  D - an uncursed ring of cold resistance
  H - an uncursed ring of conflict
  Q - a blessed +1 ring of increase damage
  s - an uncursed ring of protection from shape changers (on left hand)
  J - an uncursed ring of regeneration
  M - a cursed ring of searching named cursed
  f - an uncursed ring of stealth
 Wands    ('/')
  j - a wand of cold (0:4)
  m - a wand of make invisible (0:8)
  W - a wand of opening (0:7)
  r - a wand of secret door detection (0:13)
  P - a wand of secret door detection (0:11)
  X - a wand of speed monster (0:4)
 Tools    ('(')
  K - a bag of tricks (0:2)
  k - an uncursed brass lantern
  n - a magic marker (0:39)
  i - an uncursed mirror
  N - an uncursed oil lamp
  h - an uncursed skeleton key
  R - an uncursed partly used tallow candle
  E - a +0 unicorn horn
  o - an uncursed wax candle
 Gems/Stones  ('*')
  e - an uncursed jet stone
  d - an uncursed worthless piece of blue glass
  T - an uncursed worthless piece of orange glass
  S - an uncursed worthless piece of white glass
  p - 2 uncursed worthless pieces of yellowish brown glass
  q - an uncursed luckstone

Anarchos the Valkyrie's attributes:

Background:
 You were a Fighter, a level 8 dwarven Valkyrie.
 You were lawful, on a mission for Tyr
 who was opposed by Odin (neutral) and Loki (chaotic).
 You were left-handed.
 You were in Sokoban, on level 2.
 You entered the dungeon 5576 turns ago.
 You had 1735 experience points, 825 more were needed to attain level 9.
 Your score was 7639 before end-of-game adjustments.

Basics:
 You had 0 out of 102 hit points.
 You had all 31 energy points (spell power).
 Your armor class was 2.
 Your wallet contained 259 zorkmids.
 Autopickup was on for all types.

Final Characteristics:
 Your strength was 16 (limit:18/100).
 Your dexterity was 13 (limit:20).
 Your constitution was 20 (limit:20).
 Your intelligence was 11 (limit:16).
 Your wisdom was 8 (limit:16).
 Your charisma was 10 (limit:16).

Final Status:
 You turned into stone.
 You were satiated.
 You were unencumbered.
 You were wielding a long sword.
 You had basic skill with long sword.

Final Attributes:
 You were piously aligned.
 Your items were somewhat protected from fire.
 You were cold resistant.
 Your items were somewhat protected from cold.
 You were poison resistant.
 You had infravision.
 You were stealthy.
 You aggravated monsters.
 You were warded.
 You were protected from shape changers.
 You were very fast.
 You were lucky.
 You had extra luck.
 Bad luck did not time out for you.
 Good luck did not time out for you.
 You are dead.

Miscellaneous:
 You didn't encounter any bones levels.
 Total elapsed playing time was 3 hours, 9 minutes and 18 seconds.

Major events:
 Turn
    1: Anarchos the lawful dwarven Valkyrie entered the dungeon
  917: attained the rank of Skirmisher (level 3)
 1393: entered the Gnomish Mines
 2094: reached Mine Town
 2388: attained the rank of Fighter (level 6)
 2562: read a Discworld novel
 4302: entered Sokoban
 4727: completed 1st Sokoban level
 4920: completed 2nd Sokoban level
 5193: completed 3rd Sokoban level
 5576: petrified by a cockatrice

Spells:
 Name                 Level Category     Fail Retention
 sleep                  3   enchantment  100%   51%-75%

Skills:
 Fighting Skills
   bare handed combat [Unskilled]
   two weapon combat  [Unskilled]
   riding             [Unskilled]
 Weapon Skills
   dagger             [Basic]
   axe                [Unskilled]
   pick-axe           [Unskilled]
   short sword        [Unskilled]
   broadsword         [Unskilled]
   long sword         [Basic]
   two-handed sword   [Unskilled]
   saber              [Unskilled]
   hammer             [Unskilled]
   quarterstaff       [Unskilled]
   polearms           [Unskilled]
   spear              [Expert]
   trident            [Unskilled]
   lance              [Unskilled]
   sling              [Unskilled]
 Spellcasting Skills
   attack spells      [Unskilled]
   escape spells      [Unskilled]

Voluntary challenges:
 Character rerolling was not enabled.
 You never genocided any monsters.
 You never polymorphed an object.
 You used no wishes.
 You did not violate any of the special Sokoban rules.
Achievements:
 You entered a shop.
 You attained the rank of Skirmisher.
 You entered the Gnomish Mines.
 You entered Minetown.
 You entered a temple.
 You attained the rank of Fighter.
 You read from a Discworld novel.
 You entered Sokoban.

 The Dungeons of Doom: levels 1 to 6
    Level 1:
       A fountain.
    Level 2:
       An armor shop.
    Level 3:
    Level 4:
       Some fountains.
       Stairs down to The Gnomish Mines.
    Level 5:
       Oracle of Delphi.
    Level 6:
       A weapon shop.
       Stairs up to Sokoban, level 5.
 The Gnomish Mines: levels 5 to 8
    Level 5:
    Level 6:
    Level 7:
    Level 8:
       Many shops, a temple and an altar, some fountains.
 Sokoban: levels 5 up to 2
    Level 2: <- You were here.
       Unsolved.
       Final resting place for
          you, petrified by a cockatrice.
    Level 3:
       Solved.
    Level 4:
       Solved.
    Level 5:
       Solved.


Vanquished creatures:
  a giant mimic
  a large mimic
  4 small mimics
 an ochre jelly
  a giant beetle
  a wolf
 an orc-captain
  3 brown puddings
  2 lizards
  2 dingoes
  a dog
  a housecat
  a blue jelly
  a gray unicorn
  4 apes
  a human zombie
  a soldier ant
  a bugbear
  2 water nymphs
 14 Mordor orcs
  8 Uruk-hai
  a rock piercer
  a rock mole
  a shrieker
  a violet fungus
  7 gnome leaders
  a kobold mummy
  a black naga hatchling
  2 gray oozes
  2 elf zombies
  a ghoul
  a straw golem
  5 giant ants
  a little dog
  4 dwarves
  a kobold leader
  a kobold shaman
  3 hill orcs
  a centipede
  a giant bat
  5 dwarf zombies
  4 killer bees
 an acid blob
  a gas spore
  a hobbit
  a giant rat
  2 cave spiders
  a brown mold
  a green mold
  a red mold
 24 gnomes
  a garter snake
  a gnome zombie
  8 geckos
  4 jackals
  a fox
  3 kobolds
  3 goblins
  6 grid bugs
  7 lichens
  2 kobold zombies
  6 newts
172 creatures vanquished.

No species were genocided or became extinct.

Game over:
                       ----------
                      /          \
                     /    REST    \
                    /      IN      \
                   /     PEACE      \
                  /                  \
                  |     Anarchos     |
                  |      259 Au      |
                  |  petrified by a  |
                  |    cockatrice    |
                  |                  |
                  |                  |
                  |       2026       |
                 *|     *  *  *      | *
        _________)/\\_//(\/(/\)/\//\/|_)_______

Farvel Anarchos the Valkyrie...

You turned to stone in Sokoban on dungeon level 2 with 7614 points,
and 259 pieces of gold, after 5576 moves.
You were level 8 with a maximum of 102 hit points when you turned to stone.

